 Dungeon Crawl Stone Soup version 0.32-a0-361-g289a535e89 (webtiles) character file.

Game seed: 17632316790156140873

124845 jasper the Blocker (level 16, -24/131 HPs)
             Began as a Gnoll Fighter on Feb 18, 2024.
             Was a High Priest of Okawaru.
             Annihilated by a deep troll simulacrum (28 damage)
             ... in an ice cave.
             The game lasted 00:57:48 (30211 turns).

jasper the Blocker (Gnoll Fighter)                 Turns: 30211, Time: 00:57:48

Health: -24/131    AC: 22    Str: 21    XL:     16   Next: 94%
Magic:  31/31      EV: 14    Int: 15    God:    Okawaru [*****.]
Gold:   1113       SH:  0    Dex: 16    Spells: 25/38 levels left

rFire   + + +        w - +11 lajatang "Humef" {flame, rPois}
rCold   . . .        (shield currently unavailable)
rNeg    + + .        o - +3 chain mail of Ashenzari's Vengeance {rN+ Slay+3 Stlth+}
rPois   +            Z - +0 helmet
rElec   .            E - +0 cloak
rCorr   .            T - +0 pair of gloves
SInv    .            a - +0 pair of boots "Jeisues" {rF++ Will+}
Will    ++...        H - amulet of regeneration
Stlth   +++          e - ring of Botsel {rN+ Int+6 Dex+3}
HPRegen 1.21/turn    L - ring of protection from fire
MPRegen 0.22/turn

%: no passive effects
@: no status effects
A: fangs 1, strong nose, distributed training
a: Renounce Religion, Heroism, Finesse, Duel


You were in an ice cave.
You worshipped Okawaru.
Okawaru was extremely pleased with you.
You visited 5 branches of the dungeon, and saw 26 of its levels.
You also visited: Gauntlet and Ice Cave.

You collected 2774 gold pieces.
You spent 1661 gold pieces at shops.

Inventory:

Hand Weapons
 w - the +11 lajatang "Humef" (weapon) {flame, rPois}
   (Okawaru gifted it to you on level 1 of the Lair of Beasts)

   rPois:     It protects you from poison
Missiles
 b - 10 datura-tipped darts
 f - 6 darts of dispersal
 j - 3 silver javelins
 m - 13 atropa-tipped darts
 x - 2 throwing nets
 M - 8 boomerangs (quivered)
 W - 8 curare-tipped darts
 Y - 22 javelins
Armour
 a - the +0 pair of boots "Jeisues" (worn) {rF++ Will+}
   (You bought it in a shop on level 1 of the Orcish Mines)

   rF++:      It greatly protects you from fire.
   Will+:     It increases your willpower.
 o - the +3 chain mail of Ashenzari's Vengeance (worn) {rN+ Slay+3 Stlth+}
   (You found it on level 1 of the Snake Pit)

   Slay+3:    It affects your accuracy & damage with ranged weapons and melee
   (+3).
   rN+:       It protects you from negative energy.
   Stlth+:    It makes you more stealthy.
 y - +0 fire dragon scales
 E - a +0 cloak (worn)
 P - a +0 kite shield of protection
 T - a +0 pair of gloves (worn)
 Z - a +0 helmet (worn)
Jewellery
 e - the ring of Botsel (left hand) {rN+ Int+6 Dex+3}
   (You acquired it on level 2 of the Dungeon)

   [ring of intelligence]

   Int+6:     It affects your intelligence (+6).
   Dex+3:     It affects your dexterity (+3).
   rN+:       It protects you from negative energy.
 h - a ring of positive energy
 H - an amulet of regeneration (around neck)
 L - a ring of protection from fire (right hand)
 Q - the ring of Avye {Fly Int+4}
   (You found it in a Gauntlet)

   [ring of flight]

   Int+4:     It affects your intelligence (+4).
   Fly:       It grants you flight.
Wands
 l - a wand of digging (3)
 p - a wand of roots (28)
 q - a wand of polymorph (26)
 C - a wand of light (4)
 V - a wand of mindburst (22)
Scrolls
 d - 3 scrolls of fog
 s - 3 scrolls of brand weapon
 u - 2 scrolls of blinking
 z - 5 scrolls of enchant weapon
 B - 7 scrolls of vulnerability
 D - a scroll of torment
 F - a scroll of silence
 G - 16 scrolls of identify
 J - 12 scrolls of teleportation
 K - 4 scrolls of immolation
 O - 2 scrolls of poison
 S - a scroll of fear
Potions
 g - 17 potions of curing
 i - a potion of heal wounds
 k - 4 potions of mutation
 n - a potion of magic
 r - 3 potions of haste
 t - 7 potions of lignification
 v - 4 potions of enlightenment
 A - 2 potions of cancellation
 I - 2 potions of attraction
 N - 2 potions of invisibility
 R - 6 potions of might
 U - a potion of brilliance
 X - a potion of berserk rage
Miscellaneous
 c - a condenser vane


   Skills:
 + Level 13.2 Fighting
 + Level 11.6 Short Blades
 + Level 11.6 Long Blades
 + Level 11.6 Axes
 + Level 11.6 Maces & Flails
 + Level 12.5 Polearms
 + Level 11.6 Staves
 + Level 11.6 Ranged Weapons
 + Level 11.6 Throwing
 + Level 13.2 Armour
 + Level 11.6 Dodging
 + Level 11.6 Stealth
 + Level 13.2 Shields
 + Level 11.6 Unarmed Combat
 + Level 11.6 Spellcasting
 + Level 9.8 Conjurations
 + Level 9.8 Hexes
 + Level 9.8 Summonings
 + Level 9.8 Necromancy
 + Level 9.8 Translocations
 + Level 9.8 Fire Magic
 + Level 9.8 Ice Magic
 + Level 9.8 Air Magic
 + Level 9.8 Earth Magic
 + Level 9.8 Alchemy
 + Level 12.6 Invocations
 + Level 11.6 Evocations
 + Level 10.7 Shapeshifting


You had 25 spell levels left.
You knew the following spells:

 Your Spells              Type           Power      Damage    Failure   Level
a - Blink                 Tloc           76%        N/A       1%          2
b - Apportation           Tloc           76%        N/A       1%          1
c - Swiftness             Air            38%        N/A       1%          3
d - Passwall              Erth           38%        N/A       1%          3
e - Vhi's Electric Charg  Tloc/Air       76%        N/A       6%          4

Your spell library contained the following spells:

 Spells                   Type           Power      Damage    Failure   Level
 Freeze                   Ice            100%       1d10      1%          1
 Kiss of Death            Conj/Necr      100%       2d13      1%          1
 Necrotise                Necr           100%       1d9       1%          1
 Sandblast                Erth           76%        2d16      1%          1
 Sting                    Conj/Alch      100%       1d9       1%          1
 Ensorcelled Hibernation  Hex/Ice        76%        N/A       1%          2
 Lesser Beckoning         Tloc           76%        N/A       1%          2
 Mercury Vapours          Alch/Air       76%        N/A       1%          2
 Momentum Strike          Conj/Tloc      76%        3d10      1%          2
 Confusing Touch          Hex            38%        N/A       1%          3
 Frozen Ramparts          Ice            76%        1d12      1%          3
 Hailstorm                Conj/Ice       38%        3d9       1%          3
 Inner Flame              Hex/Fire       38%        N/A       1%          3
 Stone Arrow              Conj/Erth      76%        3d11      1%          3
 Vampiric Draining        Necr           38%        2d8       1%          3
 Brom's Barrelling Bould  Conj/Erth      38%        2d6       6%          4
 Dispel Undead            Necr           38%        3d16      6%          4
 Flame Wave               Conj/Fire      38%        2d10      6%          4
 Olgreb's Toxic Radiance  Alch           38%        N/A       6%          4
 Sticky Flame             Fire/Alch      38%        2d8       6%          4
 Arcjolt                  Conj/Air       19%        1d29      17%         5
 Curse of Agony           Necr           38%        N/A       17%         5
 Plasma Beam              Fire/Air       19%        2x1d30    67%         6
 Orb of Destruction       Conj           19%        9d8       99%         7
 Chain Lightning          Conj/Air       19%        3d25      100%        9
 Fire Storm               Conj/Fire      19%        8d5       100%        9
 Shatter                  Erth           19%        3d17*     100%        9
 Summon Small Mammal      Summ           Unusable   N/A       N/A         1
 Martyr's Knell           Necr/Summ      Unusable   N/A       N/A         4
 Summon Blazeheart Golem  Fire/Summ      Unusable   N/A       N/A         4
 Spellforged Servitor     Conj/Summ      Unusable   N/A       N/A         7

Dungeon Overview and Level Annotations

Branches:
Dungeon (15/15)            Temple (1/1) D:5            Lair (5/5) D:10
 Shoals (0/4) Lair:2        Snake (3/4) Lair:3        Slime (0/5) Lair:4
    Orc (2/2) D:10            Elf (0/3) Orc:2        Vaults (0/5) D:14
 Depths (0/4) D:15          IceCv (1/1)             Gauntlet (visited)

Altars:
Ashenzari
Cheibriados
Dithmenos
Elyvilon
Fedhas
Gozag
Hepliaklqana
Kikubaaqudgha
Makhleb
Nemelex Xobeh
Okawaru
Qazlal
Ru
Sif Muna
Trog
Uskayaw
Vehumet
Wu Jian
Xom
Yredelemnul
Zin
The Shining One
Beogh

Shops:
D:7 ?=[[   D:8 [   Orc:1 [*[[   Orc:2 ==!!**?

Annotations:
D:15 3 runed translucent doors, Ratippef's ghost, journeyman DEAE
Lair:4 3 runed translucent doors, Ozorab's ghost, journeyman NaHs
Lair:5 exclusion: obsidian statue
Snake:2 Vashnia
Orc:1 1 runed translucent door, exclusion: downstairs, Beuxkyogh's ghost, journeyman DEEE
Orc:2 3 runed translucent doors, knightboat's ghost, journeyman DsGl


Innate Abilities, Weirdness & Mutations

You have very sharp teeth.
Your uncanny sense of smell can sniff out nearby items.
Your experience applies equally to all skills.


Message History

A deep troll simulacrum comes into view.
The spriggan defender simulacrum hits you but does no damage.
The ice devil hits you! The ice devil freezes you!
You take 17 damage, and have 114/131 hp.
You slice the ice devil!! You burn the ice devil!
The ice devil is almost dead.
The spriggan defender simulacrum hits you but does no damage.
The ice devil hits you but does no damage.
You hit the ice devil. You burn the ice devil.
You kill the ice devil!
Okawaru accepts your kill.
The spriggan defender simulacrum barely misses you.
You slash the spriggan defender simulacrum!
You melt the spriggan defender simulacrum.
The spriggan defender simulacrum is moderately damaged.
The spriggan defender simulacrum hits you!
The spriggan defender simulacrum freezes you!!
The spriggan defender simulacrum hits you but does no damage.
You take 28 damage, and have 88/131 hp.
MASSIVE DAMAGE!!
You slash the spriggan defender simulacrum!
You melt the spriggan defender simulacrum.
The spriggan defender simulacrum is heavily damaged.
The spriggan defender simulacrum hits you.
The spriggan defender simulacrum freezes you!!!
You take 41 damage, and have 47/131 hp.
MASSIVE DAMAGE!!
You cut the spriggan defender simulacrum into ribbons!!!
You melt the spriggan defender simulacrum!
The spriggan defender simulacrum vaporises!
Okawaru accepts your kill.
You slice the deep troll simulacrum!!
You melt the deep troll simulacrum!
The deep troll simulacrum is almost destroyed.
The deep troll simulacrum bites you!
* * * LOW HITPOINT WARNING * * *
The deep troll simulacrum freezes you!!
* * * LOW HITPOINT WARNING * * *
The deep troll simulacrum claws you but does no damage.
The deep troll simulacrum claws you!
* * * LOW HITPOINT WARNING * * *
The deep troll simulacrum freezes you!!
You die...

... .## ... ..#
#.. ..# ##.#
#..# #..## ...#
# ###...##..#
##○§#§#.......#
#.§☼.§...#.Z☼##
..#..#..#.@##
#.##..#### #
#..## ##...# ..
#...## .#
##..## ..
#....## ##≈
##.....## #≈≈
#.......#


You could see a deep troll simulacrum.

Vanquished Creatures
  Mlioglotl (Snake:2)
  Kirke (D:15)
  Frances (D:14)
  Aizul (Snake:1)
  Donald (Snake:2)
  A very ugly thing (D:15)
  A minotaur (Gauntlet)
  2 dire elephants (Lair:5)
  Josephine (D:13)
  Fannar (Lair:3)
  3 hydras
  Erolcha (D:9)
  2 vault guards (D:14)
  2 ogre magi (Orc:2)
  3 centaur warriors
  A boulder beetle (D:11)
  3 anacondas (Snake:1)
  10 two-headed ogres
  A naga warrior (Snake:1)
  A tengu warrior (D:15)
  A death yak (Lair:5)
  6 naga sharpshooters
  6 shock serpents
  A shock serpent (shapeshifter) (D:15)
  Urug (Lair:2)
  A sun demon (D:12)
  Amaemon (D:11)
  An orc high priest (Orc:2)
  A skyshark (Lair:5)
  A fire crab (Gauntlet)
  Nergalle (D:11)
  A salamander mystic (Snake:2)
  A spectral anaconda (Lair:5)
  2 deep trolls (Orc:2)
  2 naga ritualists
  3 mana vipers
  3 arcanists (D:14)
  3 spriggan simulacra (IceCv)
  A glowing orange brain (D:15)
  3 orc knights
  Pikel (D:5)
  3 necromancers (Lair:5)
  4 ugly things (D:15)
  2 obsidian statues
  A harpy (shapeshifter) (D:15)
  7 cyclopes
  A manticore (D:15)
  5 salamanders
  An orc sorcerer (Orc:2)
  2 large abominations (Gauntlet)
  Maurice (D:7)
  8 elephants (Lair:5)
  6 meliai
  9 cane toads
  3 naga magi
  22 black mambas
  2 molten gargoyles (D:13)
  An orange demon (D:11)
  4 unseen horrors
  A torpor snail (Lair:5)
  A yaktaur (D:13)
  A kobold demonologist (D:14)
  2 freezing wraiths (IceCv)
  9 komodo dragons
  2 rime drakes
  3 ice devils
  Psyche (D:11)
  2 tengu conjurers (D:15)
  2 merfolk (Lair:2)
  5 polar bears
  11 trolls
  12 blink frogs
  6 dream sheep (Lair:5)
  10 slime creatures
  4 shadows
  3 wyverns
  2 dire elephant simulacra
  6 small abominations (Gauntlet)
  9 wraiths
  4 fire bats (Gauntlet)
  6 hogs
  63 yaks
  6 wargs
  23 humans
  3 basilisks
  2 death yak simulacra (Lair:5)
  2 steam dragons
  A steam dragon (shapeshifter) (D:14)
  6 vampire mosquitoes
  15 nagas
  2 harpy simulacra (IceCv)
  Edmund (D:6)
  A spectral cane toad (Lair:5)
  Menkaure (D:5)
  15 water moccasins
  2 laughing skulls (D:13)
  19 orc warriors
  3 sky beasts
  An elephant zombie (Lair:5)
  9 ice beasts
  2 black bears
  13 wolves
  26 ogres
  9 centaurs
  3 lemures (D:5)
  A phantom (D:6)
  3 kobold brigands
  11 bullfrogs
  3 gnoll sergeants
  4 scorpions
  2 cane toad simulacra (Lair:5)
  2 deep troll simulacra (IceCv)
  9 wights
  5 howler monkeys
  7 electric eels
  2 lava snakes (D:13)
  4 crimson imps (D:12)
  5 hounds
  A gnoll bouda (D:6)
  18 orc priests
  5 jellies
  4 iguanas
  A sleepcap (D:5)
  27 orc wizards
  5 hell rats (Lair:5)
  21 gnolls
  11 adders
  9 white imps
  4 ufetubi
  3 dart slugs
  87 orcs
  4 bats
  2 endoplasms
  A giant cockroach (D:1)
  6 goblins
  7 hobgoblins
  18 jackals
  3 quokkas
  6 ball pythons
  3 frilled lizards
  24 kobolds
  5 rats
824 creatures vanquished.

Vanquished Creatures (others)
  A black mamba (Snake:3)
  An elephant (Lair:5)
2 creatures vanquished.

Grand Total: 826 creatures vanquished

Notes
Turn   | Place    | Note
-------+----------+-------------------------------------------
     0 | D:1      | jasper the Gnoll Fighter began the quest for the Orb.
     0 | D:1      | Reached XP level 1. HP: 23/23 MP: 1/1
    74 | D:1      | Reached XP level 2. HP: 29/29 MP: 2/2
   149 | D:1      | Reached XP level 3. HP: 35/35 MP: 3/3
   253 | D:1      | Reached skill level 1 in Invocations
   375 | D:1      | Reached skill level 1 in Short Blades
   375 | D:1      | Reached skill level 1 in Long Blades
   375 | D:1      | Reached skill level 1 in Axes
   375 | D:1      | Reached skill level 1 in Maces & Flails
   375 | D:1      | Reached skill level 1 in Staves
   375 | D:1      | Reached skill level 1 in Ranged Weapons
   375 | D:1      | Reached skill level 1 in Throwing
   375 | D:1      | Reached skill level 1 in Dodging
   375 | D:1      | Reached skill level 1 in Stealth
   375 | D:1      | Reached skill level 1 in Unarmed Combat
   375 | D:1      | Reached skill level 1 in Spellcasting
   375 | D:1      | Reached skill level 1 in Evocations
   448 | D:1      | Reached skill level 1 in Shapeshifting
   448 | D:1      | Reached XP level 4. HP: 39/41 MP: 5/5
   935 | D:2      | Reached skill level 1 in Conjurations
   935 | D:2      | Reached skill level 1 in Hexes
   935 | D:2      | Reached skill level 1 in Summonings
   935 | D:2      | Reached skill level 1 in Necromancy
   935 | D:2      | Reached skill level 1 in Translocations
   935 | D:2      | Reached skill level 1 in Fire Magic
   935 | D:2      | Reached skill level 1 in Ice Magic
   935 | D:2      | Reached skill level 1 in Air Magic
   935 | D:2      | Reached skill level 1 in Earth Magic
   935 | D:2      | Reached skill level 1 in Alchemy
  1175 | D:2      | Identified a scroll of acquirement
  1175 | D:2      | Acquired the ring of Botsel {rN+ Int+6 Dex+3}
  1273 | D:3      | Found a bloodstained altar of Trog.
  1290 | D:3      | Reached XP level 5. HP: 47/47 MP: 5/7
  1380 | D:3      | Noticed an ogre
  1401 | D:3      | Killed an ogre
  1402 | D:3      | Reached XP level 6. HP: 44/53 MP: 8/8
  1417 | D:3      | Reached skill level 5 in Polearms
  1866 | D:3      | Reached XP level 7. HP: 60/60 MP: 10/10
  2512 | D:3      | Found a faded altar of an unknown god.
  2741 | D:4      | You fall into a shaft and drop 1 floor!
  2741 | D:5      | Entered Level 5 of the Dungeon
  2741 | D:5      | Found a staircase to the Ecumenical Temple.
  2787 | Temple   | Entered the Ecumenical Temple
  2790 | Temple   | Became a worshipper of Warmaster Okawaru
  2895 | D:5      | Reached XP level 8. HP: 66/67 MP: 12/12
  2900 | D:5      | Found a glowing silver altar of Zin.
  2958 | D:5      | Found a basalt altar of Yredelemnul.
  3041 | D:5      | Found an ancient bone altar of Kikubaaqudgha.
  3041 | D:5      | Found a shimmering altar of Xom.
  3980 | D:5      | Noticed Pikel
  4099 | D:5      | Noticed Menkaure
  4373 | D:6      | Reached * piety under Okawaru
  4741 | D:6      | Noticed Edmund
  4761 | D:6      | Killed Edmund
  5042 | D:6      | Reached XP level 9. HP: 70/73 MP: 14/14
  5200 | D:6      | Learned a level 2 spell: Blink
  6038 | D:7      | Noticed Maurice
  6059 | D:6      | Reached ** piety under Okawaru
  6093 | D:6      | Reached skill level 5 in Invocations
  6268 | D:7      | Something stole 6 darts of dispersal
  6277 | D:7      | Something stole a +6 ring of intelligence
  6278 | D:7      | Something stole a +0 dagger
  6279 | D:7      | Something stole 403 gold
  6281 | D:7      | Killed Maurice
  6659 | D:7      | Reached skill level 5 in Short Blades
  6659 | D:7      | Reached skill level 5 in Long Blades
  6659 | D:7      | Reached skill level 5 in Axes
  6659 | D:7      | Reached skill level 5 in Maces & Flails
  6659 | D:7      | Reached skill level 5 in Staves
  6659 | D:7      | Reached skill level 5 in Ranged Weapons
  6659 | D:7      | Reached skill level 5 in Throwing
  6659 | D:7      | Reached skill level 5 in Dodging
  6659 | D:7      | Reached skill level 5 in Stealth
  6659 | D:7      | Reached skill level 5 in Unarmed Combat
  6659 | D:7      | Reached skill level 5 in Spellcasting
  6659 | D:7      | Reached skill level 5 in Evocations
  6659 | D:7      | Reached XP level 10. HP: 70/81 MP: 17/17
  6795 | D:7      | Found an ornate altar of the Wu Jian Council.
  6805 | D:7      | Found Zoumnic's Antique Armour Emporium.
  6972 | D:7      | Found Eddorug's Magic Scroll Emporium.
  6974 | D:7      | Found Ylach's Jewellery Emporium.
  6977 | D:7      | Found Keshyell's Antique Armour Emporium.
  6982 | D:7      | Bought a scroll of fog for 52 gold pieces
  6982 | D:7      | Bought a scroll of blinking for 97 gold pieces
  6982 | D:7      | Bought 3 scrolls of teleportation for 117 gold pieces
  6982 | D:7      | Bought a scroll of immolation for 52 gold pieces
  7047 | D:7      | Found a radiant altar of Vehumet.
  7144 | D:7      | Reached *** piety under Okawaru
  7470 | D:8      | Noticed a two-headed ogre
  7480 | D:8      | Killed a two-headed ogre
  7673 | D:8      | Reached skill level 5 in Shapeshifting
  8080 | D:8      | Found Joxkunoj's Antique Armour Boutique.
  8124 | D:8      | Bought a glowing kite shield for 165 gold pieces
  8237 | D:8      | Found an opulent altar of Gozag.
  8318 | D:8      | Found an iron altar of Okawaru.
  8844 | D:9      | Noticed Erolcha
  8872 | D:9      | Killed Erolcha
  8872 | D:9      | Reached **** piety under Okawaru
  9572 | D:9      | Reached skill level 5 in Conjurations
  9572 | D:9      | Reached skill level 5 in Hexes
  9572 | D:9      | Reached skill level 5 in Summonings
  9572 | D:9      | Reached skill level 5 in Necromancy
  9572 | D:9      | Reached skill level 5 in Translocations
  9572 | D:9      | Reached skill level 5 in Fire Magic
  9572 | D:9      | Reached skill level 5 in Ice Magic
  9572 | D:9      | Reached skill level 5 in Air Magic
  9572 | D:9      | Reached skill level 5 in Earth Magic
  9572 | D:9      | Reached skill level 5 in Alchemy
  9621 | D:9      | Reached XP level 11. HP: 82/89 MP: 20/20
 10013 | D:9      | Found a broken altar of Ashenzari.
 10139 | D:10     | Entered Level 10 of the Dungeon
 10146 | D:10     | Found a white marble altar of Elyvilon.
 10285 | D:10     | Reached ***** piety under Okawaru
 10315 | D:10     | Found a staircase to the Lair.
 10864 | D:10     | Found a staircase to the Orcish Mines.
 11503 | D:11     | Noticed Psyche
 11556 | D:11     | Killed Psyche
 11556 | D:11     | Received a gift from Okawaru
 11603 | D:11     | Noticed a boulder beetle
 11654 | D:11     | Killed a boulder beetle
 11767 | D:11     | Noticed Amaemon
 11778 | D:11     | Killed Amaemon
 12011 | D:11     | Identified the +7 whip of Yesterday {protect, ^Drain rF+
                  | rN+ Will+}
 12088 | D:11     | Noticed Nergalle
 12097 | D:11     | Killed Nergalle
 12286 | D:11     | Reached XP level 12. HP: 91/97 MP: 22/22
 12597 | D:11     | Found an ornate altar of the Wu Jian Council.
 13211 | D:5      | Killed Pikel
 13410 | D:5      | Killed Menkaure
 13754 | Lair:1   | Entered Level 1 of the Lair of Beasts
 13851 | Lair:1   | Reached skill level 10 in Fighting
 13851 | Lair:1   | Reached skill level 10 in Armour
 13851 | Lair:1   | Reached skill level 10 in Shields
 13857 | Lair:1   | Received a gift from Okawaru
 14203 | Lair:1   | Reached ****** piety under Okawaru
 14325 | Lair:1   | Acquired the +2 ring mail of Sukheog {rElec Slay+3}
 14325 | Lair:1   | Received a gift from Okawaru
 14414 | Lair:1   | Acquired the +11 lajatang "Humef" {flame, rPois}
 14414 | Lair:1   | Received a gift from Okawaru
 15097 | Lair:2   | Noticed a five-headed hydra
 15113 | Lair:2   | Killed a two-headed hydra
 15264 | Lair:2   | Noticed Urug
 15274 | Lair:2   | Killed Urug
 15701 | Lair:2   | Reached XP level 13. HP: 102/104 MP: 25/25
 15778 | Lair:2   | Learned a level 1 spell: Apportation
 15782 | Lair:2   | Learned a level 3 spell: Swiftness
 15786 | Lair:2   | Learned a level 3 spell: Passwall
 16235 | Lair:2   | Found a staircase to the Shoals.
 16456 | Lair:3   | Noticed Fannar
 16464 | Lair:3   | Killed Fannar
 16797 | Lair:3   | Found a staircase to the Snake Pit.
 17279 | Lair:4   | Identified the +7 sling of Jyniz {heavy, rElec rC- Will+}
 17307 | Lair:4   | Found a staircase to the Slime Pits.
 17509 | Lair:4   | Received a gift from Okawaru
 17650 | Lair:4   | Noticed a minotaur
 17664 | Lair:4   | Found a runed translucent gate.
 17664 | Lair:4   | Found a runed translucent gate.
 17664 | Lair:4   | Found a runed translucent gate.
 18071 | Lair:4   | Noticed Ozorab's ghost (journeyman NaHs)
 18330 | Lair:5   | Entered Level 5 of the Lair of Beasts
 18683 | Orc:1    | Entered Level 1 of the Orcish Mines
 18683 | Orc:1    | Found Haenurph's Antique Armour Shop.
 18689 | Orc:1    | Bought a pair of fading boots for 247 gold pieces
 18689 | Orc:1    | Identified the +0 pair of boots "Jeisues" {rF++ Will+} (You
                  | bought it in a shop on level 1 of the Orcish Mines)
 18736 | Orc:1    | Found Xoxutagg's Antique Armour Shoppe.
 18736 | Orc:1    | Found Plog's Assorted Antiques.
 18742 | Orc:1    | Found a runed translucent door.
 18742 | Orc:1    | Noticed Beuxkyogh's ghost (journeyman DEEE)
 19081 | Orc:1    | You fall into a shaft and drop 1 floor!
 19081 | Orc:2    | Entered Level 2 of the Orcish Mines
 19081 | Orc:2    | Found Icocoviycs's Distillery.
 19081 | Orc:2    | Found Baucewucs's Distillery.
 19081 | Orc:2    | Found a staircase to the Elven Halls.
 19139 | Orc:1    | Found Ymuoh's Antique Armour Boutique.
 19149 | Orc:1    | Bought a pair of smoking boots for 275 gold pieces
 19149 | Orc:1    | Identified the +0 pair of boots of Distant Worlds {rElec
                  | MP+9} (You bought it in a shop on level 1 of the Orcish
                  | Mines)
 19190 | Orc:1    | Bought a scroll labelled FAKEOF AFATOV for 24 gold pieces
 19599 | D:7      | Bought an amulet of regeneration for 420 gold pieces
 19727 | Orc:2    | Found Jeasmu's Magic Scroll Shop.
 19784 | Orc:2    | Reached skill level 10 in Polearms
 19894 | Orc:2    | Received a gift from Okawaru
 19999 | Orc:2    | Reached XP level 14. HP: 112/113 MP: 27/27
 20053 | Orc:2    | Reached skill level 10 in Invocations
 20453 | Orc:2    | Found a runed translucent gate.
 20453 | Orc:2    | Found a runed translucent gate.
 20453 | Orc:2    | Found a runed translucent gate.
 20512 | Orc:2    | Received a gift from Okawaru
 20553 | Orc:2    | Found a roughly hewn altar of Beogh.
 20568 | Orc:2    | Found Plog's Jewellery Boutique.
 20568 | Orc:2    | Found Couxeade's Jewellery Boutique.
 20688 | Orc:2    | Bought a potion of might for 64 gold pieces
 20688 | Orc:2    | Bought a potion of might for 64 gold pieces
 20693 | Orc:2    | Bought a potion of curing for 42 gold pieces
 20693 | Orc:2    | Bought a potion of curing for 42 gold pieces
 20729 | Orc:2    | Found an opulent altar of Gozag.
 20730 | Orc:2    | Noticed knightboat's ghost (journeyman DsGl)
 20802 | Orc:2    | Found a roughly hewn altar of Beogh.
 20895 | Orc:2    | Found Loitel's Assorted Antiques.
 20897 | Orc:2    | Found Vilust's Assorted Antiques.
 21299 | Lair:5   | Received a gift from Okawaru
 21491 | Lair:5   | Noticed a dire elephant
 21492 | Lair:5   | Noticed a dire elephant
 21948 | Lair:5   | Reached skill level 10 in Short Blades
 21948 | Lair:5   | Reached skill level 10 in Long Blades
 21948 | Lair:5   | Reached skill level 10 in Axes
 21948 | Lair:5   | Reached skill level 10 in Maces & Flails
 21948 | Lair:5   | Reached skill level 10 in Staves
 21948 | Lair:5   | Reached skill level 10 in Ranged Weapons
 21948 | Lair:5   | Reached skill level 10 in Throwing
 21948 | Lair:5   | Reached skill level 10 in Dodging
 21948 | Lair:5   | Reached skill level 10 in Stealth
 21948 | Lair:5   | Reached skill level 10 in Unarmed Combat
 21948 | Lair:5   | Reached skill level 10 in Spellcasting
 21948 | Lair:5   | Reached skill level 10 in Evocations
 22125 | Lair:5   | Killed a dire elephant
 22125 | Lair:5   | Received a gift from Okawaru
 22132 | Lair:5   | Killed a dire elephant
 22135 | Lair:5   | Reached XP level 15. HP: 38/120 MP: 22/29
 22919 | D:12     | Found a gate leading to a gauntlet.
 22927 | Gauntlet | Entered a Gauntlet
 22927 | Gauntlet | Found a transporter.
 22927 | Gauntlet | Found a transporter.
 22936 | Gauntlet | Found a transporter.
 22939 | Gauntlet | Found a transporter.
 22947 | Gauntlet | Found a transporter.
 22951 | Gauntlet | Found a transporter.
 22959 | Gauntlet | Found a transporter.
 22976 | Gauntlet | Found a transporter.
 22990 | Gauntlet | Found a transporter.
 22994 | Gauntlet | Found a transporter.
 23002 | Gauntlet | Found a transporter.
 23006 | Gauntlet | Found a transporter.
 23115 | Gauntlet | Identified the +0 pair of gloves of Keqoff {rF+ rC- Int+5}
 23172 | Gauntlet | Identified the ring of Avye {Fly Int+4}
 23627 | D:12     | Learned a level 4 spell: Vhi's Electric Charge
 23813 | D:13     | Noticed Josephine
 23828 | D:13     | Killed Josephine
 23828 | D:13     | Received a gift from Okawaru
 24867 | D:14     | Noticed Frances
 24875 | D:14     | Killed Frances
 25476 | D:14     | Received a gift from Okawaru
 25601 | D:14     | Found a gate to the Vaults.
 26221 | D:15     | Entered Level 15 of the Dungeon
 26410 | D:15     | Noticed Kirke
 26419 | D:15     | Reached skill level 10 in Shapeshifting
 26431 | D:15     | Killed Kirke
 26452 | D:15     | Reached XP level 16. HP: 108/129 MP: 25/30
 26680 | D:15     | Found a runed translucent gate.
 26680 | D:15     | Found a runed translucent gate.
 26680 | D:15     | Found a runed translucent gate.
 26685 | D:15     | Noticed Ratippef's ghost (journeyman DEAE)
 26962 | D:15     | Received a gift from Okawaru
 27002 | D:15     | Found a staircase to the Depths.
 27281 | Snake:1  | Entered Level 1 of the Snake Pit
 27753 | Snake:1  | Identified the +3 chain mail of Ashenzari's Vengeance {rN+
                  | Slay+3 Stlth+}
 28082 | Snake:1  | HP: 4/129 [naga sharpshooter/arrow (6)]
 28572 | Snake:2  | Identified the serpent talisman of the Slimy God {Str+4
                  | Int+5}
 28572 | Snake:2  | Noticed Aizul
 28616 | Snake:1  | Killed Aizul
 28616 | Snake:1  | Received a gift from Okawaru
 28986 | Snake:2  | Noticed Donald
 29000 | Snake:2  | Killed Donald
 29253 | Snake:2  | Noticed Vashnia
 29284 | Snake:2  | Noticed Mlioglotl
 29304 | Snake:2  | Killed Mlioglotl
 29990 | Snake:3  | Found a glacial archway.
 29994 | IceCv    | Entered an ice cave
 30050 | IceCv    | Received a gift from Okawaru
 30211 | IceCv    | HP: 4/131 [deep troll simulacrum (10)]
 30211 | IceCv    | Annihilated by a deep troll simulacrum

Illustrated notes

Levels and vault maps discovered:
D:1:      denvon_arrival_waterhouse, layout_rooms, minmay_small_reverse_x
D:2:      layout_rooms, serial_park_tiny_1, kennysheep_big_empty_room
D:3:      lemuel_castle_with_subvaults [lemuel_castle_interior_original],
          layout_rooms, mainiacjoe_overflow_boulevard,
          hellmonk_ecumenical_altar_arch_garden
D:4:      layout_loops_ring
D:5:      layout_gridville, mainiacjoe_overflow_alcove_1,
          chequers_temple_overflow_statue_of_worship,
          mainiacjoe_overflow_alcove_2, temple_green,
          chequers_serial_rivers_small_3, uniq_pikel, uniq_menkaure
D:6:      minmay_opposing_rooms, layout_loops_corners, minmay_diced_spiral,
          uniq_edmund
D:7:      layout_loops_ring, nicolae_vehumet_radiance,
          mainiacjoe_overflow_tiny_flanked, minmay_shop_grid_forest,
          uniq_maurice
D:8:      layout_basic, mainiacjoe_overflow_cross_hatched, serial_curves,
          eino_curves_03, eino_curves_01, serial_shops, nicolae_shop_tiny_glass,
          david_defended_altar_orc
D:9:      layout_loops_ring, lemuel_round_altar, serial_co_window_serial,
          co_window_of_opportunity_a, co_window_paths_a, co_window_corner_a,
          co_window_corner_a, co_window_corner_a, co_window_corner_a,
          co_window_cross_4, co_window_cross_2, co_window_broadway_a,
          co_window_corner_ca, co_window_2corner, co_window_4corner_a,
          co_window_paths_d, glass_columns_a, serial_bayou_pond_b, uniq_erolcha
D:10:     layout_gridville, amcnicky_altar_gilded, hellmonk_lair_entry_icy,
          orc_0_dummy, hangedman_abyss_or_decor_stagger
D:11:     layout_small_grid, grunt_livestock, nzn_wu_jian_contemplation,
          uniq_nergalle, uniq_psyche, uniq_amaemon
D:12:     layout_rooms, gauntlet_entry_generic,
          serial_library_hellmonk_secret_room, minmay_fire_ice_demons
D:13:     layout_basic, serial_ice, serial_ice_o, serial_ice_h, serial_ice_a,
          serial_ice_g, minmay_misc_feat_more_columns, uniq_josephine
D:14:     layout_long_grid, grunt_vaults_entry_tiered, nicolae_eternal_life,
          special_room [special_room_orc], nooodl_orcs_dogs, uniq_frances
D:15:     gammafunk_enter_depths_forms, layout_gridville,
          grunt_decor_one_mirror, gammafunk_ghost_spectres,
          nicolae_kite_square_tiling_tiny, uniq_kirke
Temple:   nicolae_temple_hex_pool
Lair:1:   layout_misc_corridors, grunt_megastairs_2
Lair:2:   layout_roguey, elwin_shoals_entry_rooms,
          chequers_serial_rivers_micro_e, lemuel_fruit_fields, uniq_urug
Lair:3:   layout_chaotic_city, guppyfry_snake_entry_island, uniq_fannar
Lair:4:   layout_gridlike, minmay_slime_entry_pillars,
          maelrawn_ghost_gauntlet_escape, hibernation_bobbens
Lair:5:   due_jungle_book, layout_misc_corridors, infiniplex_staircase_pool_2
Snake:1:  layout_gridlike
Snake:2:  layout_rooms, uniq_mlioglotl, uniq_vashnia, uniq_donald, uniq_aizul
Snake:3:  layout_rooms, portal_ice_cave_entry_pillars_four
Orc:1:    layout_diamond_mine, gammafunk_ghost_grave, serial_shops,
          nicolae_shop_waterfront, shop, shop, nicolae_shop_tiny_statue_garden
Orc:2:    st_orc_open, layout_caves, basic_altar, serial_shops,
          nicolae_shop_statue_plus, ebering_ghost_gozag, bh_open_orc_temple
IceCv:    ice_cave_small_demon

Skill      XL: |  1  2  3  4  5  6  7  8  9 10 11 12 13 14 15 16 |
---------------+-------------------------------------------------+-----
Invocations    | 1 2 3 4 5 6 7 8 9 10 11 12 | 12.6
Short Blades   | 1 2 3 5 6 7 8 9 10 11 | 11.6
Long Blades    | 1 2 3 5 6 7 8 9 10 11 | 11.6
Axes           | 1 2 3 5 6 7 8 9 10 11 | 11.6
Maces & Flails | 1 2 3 5 6 7 8 9 10 11 | 11.6
Staves         | 1 2 3 5 6 7 8 9 10 11 | 11.6
Ranged Weapons | 1 2 3 5 6 7 8 9 10 11 | 11.6
Throwing       | 1 2 3 5 6 7 8 9 10 11 | 11.6
Dodging        | 1 2 3 5 6 7 8 9 10 11 | 11.6
Stealth        | 1 2 3 5 6 7 8 9 10 11 | 11.6
Unarmed Combat | 1 2 3 5 6 7 8 9 10 11 | 11.6
Spellcasting   | 1 2 3 5 6 7 8 9 10 11 | 11.6
Evocations     | 1 2 3 5 6 7 8 9 10 11 | 11.6
Shapeshifting  | 1 2 3 4 5 6 7 8 9 10 | 10.7
Conjurations   | 1 2 3 4 5 6 7 8 9 |  9.8
Hexes          | 1 2 3 4 5 6 7 8 9 |  9.8
Summonings     | 1 2 3 4 5 6 7 8 9 |  9.8
Necromancy     | 1 2 3 4 5 6 7 8 9 |  9.8
Translocations | 1 2 3 4 5 6 7 8 9 |  9.8
Fire Magic     | 1 2 3 4 5 6 7 8 9 |  9.8
Ice Magic      | 1 2 3 4 5 6 7 8 9 |  9.8
Air Magic      | 1 2 3 4 5 6 7 8 9 |  9.8
Earth Magic    | 1 2 3 4 5 6 7 8 9 |  9.8
Alchemy        | 1 2 3 4 5 6 7 8 9 |  9.8
Polearms       | 5 6 7 8 9 10 11 12 | 12.5
Fighting       | 7 8 9 10 11 12 13 | 13.2
Armour         | 7 8 9 10 11 12 13 | 13.2
Shields        | 7 8 9 10 11 12 13 | 13.2

Action                     |  1- 3 |  4- 6 |  7- 9 | 10-12 | 13-15 | 16-18 || total
---------------------------+-------+-------+-------+-------+-------+-------++-------
  Melee: Trident           |    84 |   176 |   590 |   789 |       |       ||  1639
         Bite              |     8 |    11 |    65 |   117 |   116 |    48 ||   365
         Unarmed           |       |       |     4 |       |       |       ||     4
         Lajatang          |       |       |       |    57 |   943 |   341 ||  1341
  Throw: Stone             |     1 |     6 |    22 |     4 |     1 |       ||    34
         Dart              |       |     2 |     4 |     1 |       |       ||     7
         Boomerang         |       |       |       |       |    30 |    43 ||    73
         Javelin           |       |       |       |       |       |     1 ||     1
   Cast: Vhi's Electric Ch |       |       |       |       |    16 |    16 ||    32
         Swiftness         |       |       |       |       |     1 |       ||     1
 Invoke: Heroism           |       |       |     2 |     2 |     5 |     1 ||    10
         Receive Weapon    |       |       |       |     1 |       |       ||     1
         Receive Armour    |       |       |       |     1 |       |       ||     1
         Finesse           |       |       |       |       |     5 |     5 ||    10
  Evoke: Wand              |       |       |     8 |    18 |    12 |       ||    38
    Use: Scroll            |       |    11 |    12 |     4 |     6 |     1 ||    34
         Potion            |       |     1 |     2 |       |       |     5 ||     8
   Stab: Distracted        |     1 |       |       |     1 |     1 |       ||     3
         Invisible         |       |     1 |       |     2 |       |       ||     3
         Sleeping          |       |       |     1 |     1 |     8 |     3 ||    13
 Armour: Scale mail        |    47 |    75 |   392 |    78 |       |       ||   592
         Skin              |       |       |     8 |       |       |       ||     8
         Chain mail        |       |       |       |   305 |       |   197 ||   502
         Ring mail         |       |       |       |    46 |   655 |    67 ||   768
  Dodge: Dodged            |    30 |    64 |   259 |   260 |   555 |   211 ||  1379
  Block: Buckler           |    21 |    39 |   187 |    35 |       |       ||   282
         Kite shield       |       |       |       |   274 |       |       ||   274

Table legend: (Time is in decaauts)
 A = Elapsed time spent in this place.
 B = Non-inter-level travel time spent in this place.
 C = Inter-level travel time spent in this place.
 D = Time resting spent in this place.
 E = Time spent auto-exploring this place.
 F = Levels seen in this place.
 G = Mean time per level.
                   A        B        C        D        E       F      G
               +--------+--------+--------+--------+--------+-----+--------+
         Total |  30063 |  28318 |   1745 |   4724 |  16204 |  28 | 1073.7 |
       Dungeon |  18068 |  17013 |   1055 |   1846 |  10828 |  15 | 1204.5 |
        Temple |      6 |      6 |      0 |      0 |      0 |   1 |    6.0 |
          Lair |   6770 |   6261 |    509 |   1454 |   3292 |   5 | 1354.0 |
     Snake Pit |   2630 |   2505 |    125 |    701 |   1179 |   3 |  876.7 |
  Orcish Mines |   2095 |   2040 |     55 |    670 |    699 |   2 | 1047.5 |
      Ice Cave |    205 |    205 |      0 |     41 |     93 |   1 |  205.0 |
      Gauntlet |    287 |    287 |      0 |     10 |    113 |   1 |  287.0 |
               +--------+--------+--------+--------+--------+-----+--------+

Top non-repeatable levels by time:
     D:6: 2097 daAuts
  Lair:5: 1678 daAuts
    D:10: 1611 daAuts
  Lair:1: 1600 daAuts
    D:14: 1542 daAuts
     D:3: 1529 daAuts
     D:5: 1528 daAuts
 Snake:1: 1474 daAuts
     D:8: 1438 daAuts
     D:9: 1419 daAuts
  Lair:4: 1335 daAuts
     D:7: 1335 daAuts
    D:11: 1330 daAuts
  Lair:2: 1284 daAuts
   Orc:2: 1260 daAuts
